 Dungeon Crawl Stone Soup version 0.24.1 (webtiles) character file.

Game seed: 2931389687972605825, levelgen mode: deterministic

21612 Destapler the Fighter (level 12, -2/132 HPs)
             Began as a Troll Berserker on Mar 26, 2020.
             Was a High Priest of Trog.
             Slain by a red devil
             ... wielding a +2 trident of flaming
             ... summoned by an orc sorcerer
             ... led by an orc warlord
              (3 damage)
             ... on level 2 of the Orcish Mines.
             The game lasted 01:03:02 (12380 turns).

Destapler the Fighter (Troll Berserker)            Turns: 12380, Time: 01:03:03

Health: -2/132     AC:  7    Str: 35    XL:     12   Next: 55%
Magic:  15/15      EV:  8    Int:  5    God:    Trog [*****.]
Gold:   1036       SH: 24    Dex:  9    Spells: 11/11 levels left

rFire    + . .     SeeInvis .     - Unarmed
rCold    + . .     Gourm    +   A - +1 large shield
rNeg     . . .     Faith    .   a - +0 robe {MR+}
rPois    .         Spirit   .   (helmet restricted)
rElec    .         Reflect  +   K - +0 cloak
rCorr    .         Harm     .   (gloves unavailable)
MR       +++..                  (boots unavailable)
Stlth    ++........             J - +4 amulet of reflection
HPRegen  1.72/turn              P - ring of protection from fire
MPRegen  0.14/turn              t - ring of protection from cold

@: mighty, berserk cooldown, very slightly contaminated, regenerating, hasted,
studying Fighting, invisible, very quick
A: large, unfitting armour, claws 3, fast metabolism 3, gourmand, regeneration
1, shaggy fur 1, tough skin 3
a: Berserk, Trog's Hand, Brothers in Arms, Renounce Religion


You were on level 2 of the Orcish Mines.
You worshipped Trog.
Trog was extremely pleased with you.
You were very full.

You visited 2 branches of the dungeon, and saw 15 of its levels.
You also visited: Bailey.

You collected 1333 gold pieces.
You spent 297 gold pieces at shops.

Inventory:

Hand Weapons
 n - a +3 mace of protection
 x - a +2 shortbow of velocity
 T - the +4 arbalest of Hubris {penet, Int+7, unknown}
   (Trog gifted it to you on level 2 of the Orcish Mines)

   Ammo fired by it will pass through the targets it hits, potentially hitting
   all targets in its path until it reaches maximum range.
   It affects your intelligence (+7).
 U - a +0 morningstar
Missiles
 e - 17 javelins
 h - 336 stones
 k - 23 poisoned darts
 u - 2 throwing nets (quivered) {!f}
 y - 14 silver javelins
 B - 7 datura-tipped darts
 C - 15 boomerangs of dispersal
 Q - 11 boomerangs
 R - 6 atropa-tipped darts
Armour
 a - a +0 robe of magic resistance (worn)
 p - a scarf of repulsion
 A - a +1 large shield (worn)
 K - a +0 cloak (worn)
Jewellery
 t - a ring of protection from cold (right claw)
 J - a +4 amulet of reflection (around neck)
 P - a ring of protection from fire (left claw)
 S - an uncursed ring of ice
Wands
 m - a wand of disintegration (8)
 D - a wand of random effects (10)
 H - a wand of flame (15)
 I - a wand of digging (3)
 L - a wand of acid (9)
Scrolls
 c - 4 scrolls of remove curse
 f - 3 scrolls of enchant armour
 g - 2 scrolls of enchant weapon
 q - 2 scrolls of identify
 r - 5 scrolls of teleportation
 s - a scroll of fear
 v - 2 scrolls of magic mapping
 w - 2 scrolls of blinking
 F - a scroll of summoning {unknown}
 M - a scroll of vulnerability {unknown}
Potions
 d - a potion of invisibility
 i - 8 potions of curing
 j - a potion of haste
 l - 2 potions of heal wounds
 z - a potion of agility {unknown}
 G - 2 potions of brilliance
 N - a potion of magic {unknown}
Books
 o - a manual of Fighting
Comestibles
 b - 24 rations
 O - 8 chunks of flesh


   Skills:
 * Level 11.8 Fighting
 - Level 3.9 Armour
 - Level 3.0 Dodging
 - Level 2.0 Stealth
 - Level 7.9 Shields
 + Level 11.0 Unarmed Combat
 - Level 6.2 Evocations


You had 11 spell levels left.
You didn't know any spells.
Your spell library was empty.

Dungeon Overview and Level Annotations

Branches:
Dungeon (13/15)            Temple (0/1) D:6            Lair (0/6) D:11
    Orc (2/2) D:12            Elf (0/3) Orc:2        Bailey (visited)
 Vaults: D:13-14

Altars:
Ru
Xom
Beogh

Shops:
D:5 =   D:8 }   Orc:2 !


Innate Abilities, Weirdness & Mutations

You are too large for most types of armour.
You have claws for hands.
Your metabolism is lightning-fast.
You like to eat raw meat.
Your natural rate of healing is unusually fast.
You are covered in fur. (AC +1)
You have extremely tough skin. (AC +3)


Message History

You feel better. You block the warg's attack.
You closely miss the warg.
The warg is heavily wounded.
You block the red devil's attack. You block the warg's attack.
An orc warrior comes into view. It is wielding a +0 halberd.
You eviscerate the warg!!!
You kill the warg!
Trog accepts your kill.
The orc warrior shouts!
You hear a shout! x2
You block the orc sorcerer's attack.
You catch the helpless orc warrior completely off-guard!
You eviscerate the orc warrior!!!
You kill the orc warrior!
Trog accepts your kill.
The soul eater draws from the surrounding life force!
* * * LOW HITPOINT WARNING * * *
The red devil hits you from afar with a +2 trident of flaming!!
* * * LOW HITPOINT WARNING * * *
The red devil burns you.
You die...

...# #.######............... ..##
#..............##...... .##
########.#....## #.....
.############### ###.....#####...
..#............####.......##.#...
....##########..##.........##....
..### ##.###.............. .## #
#..####.#.......#.. .# #.
####@#####.#.....#### ##
'###'##8)#)o##.........# ## #
...o.oo{.oo84....##...^###. #
.o8.oo.)oh3oo..####.....#.. #
oo.o.....oo8...# #........ ##
o###+##8o#..#.## ###...... .#
####.#### ##..... .## #..# #.....
..### ##.## ###...


You could see an orc warlord, a soul eater, a warg, an orc sorcerer, a red
devil, an orc priest and 6 orcs.

Vanquished Creatures
  An ettin (Orc:2)
  A two-headed ogre (D:12)
  An orc high priest (Orc:2)
  2 orc knights
  An ugly thing (D:11)
  2 orc sorcerers
  A manticore (D:11)
  2 deep elf magi (D:12)
  An elephant (D:11)
  Maurice (Orc:1)
  A gargoyle (D:11)
  A merfolk (D:9)
  4 trolls
  Prince Ribbit (D:4)
  3 hippogriffs
  2 shadows (D:11)
  A wyvern (D:10)
  9 yaks
  2 basilisks
  4 vampire mosquitoes (D:12)
  A steam dragon (D:12)
  4 wargs
  A water moccasin (D:9)
  29 orc warriors
  2 phantoms
  2 ice beasts
  A black bear (D:6)
  2 sky beasts (D:5)
  14 ogres
  An eye of draining (D:10)
  A crocodile (D:11)
  19 centaurs
  A big kobold (D:12)
  9 bullfrogs
  A gnoll sergeant (D:9)
  3 wyvern skeletons
  3 scorpions
  3 killer bees (D:9)
  8 wights
  8 howler monkeys
  4 crimson imps
  A centaur zombie (D:5)
  6 hounds
  A bullfrog zombie (D:7)
  2 jellies
  11 orc priests
  22 orc wizards
  5 iguanas
  13 worker ants
  2 hound skeletons
  A worker ant zombie (D:5)
  11 adders
  8 gnolls
  2 shadow imps
  2 oozes
  An adder skeleton (D:5)
  2 worms (D:2)
  3 dart slugs
  6 leopard geckos
  88 orcs
  4 giant cockroaches
  7 hobgoblins
  14 jackals
  13 kobolds
  7 quokkas
  3 ball pythons
  7 bats
  6 frilled lizards
  9 goblins
  A leopard gecko zombie (D:6)
  A quokka skeleton (D:4)
  24 rats
441 creatures vanquished.

Vanquished Creatures (others)
  3 centaurs
  An orc wizard (Orc:2)
  An orc (Bailey)
  A plant (D:11)
6 creatures vanquished.

Grand Total: 447 creatures vanquished

Notes
Turn   | Place    | Note
-------+----------+-------------------------------------------
     0 | D:1      | Destapler the Troll Berserker began the quest for the Orb.
     0 | D:1      | Reached XP level 1. HP: 22/22 MP: 0/0
   367 | D:1      | Reached XP level 2. HP: 29/29 MP: 1/1
   690 | D:2      | Reached XP level 3. HP: 31/36 MP: 2/2
   756 | D:2      | Reached ** piety under Trog
   944 | D:2      | Reached XP level 4. HP: 38/45 MP: 3/3
  1282 | D:2      | Reached *** piety under Trog
  1830 | D:3      | Reached XP level 5. HP: 39/53 MP: 4/4
  2362 | D:4      | Noticed an ogre
  2371 | D:4      | Killed an ogre
  2423 | D:4      | Reached skill level 5 in Unarmed Combat
  2423 | D:4      | Reached XP level 6. HP: 57/62 MP: 5/5
  2631 | D:4      | Reached XP level 7. HP: 44/71 MP: 6/6
  2663 | D:4      | Reached **** piety under Trog
  2675 | D:4      | Reached skill level 5 in Fighting
  2822 | D:4      | Reached skill level 1 in Shields
  3262 | D:5      | Entered Level 5 of the Dungeon
  3262 | D:5      | Noticed Prince Ribbit
  3699 | D:4      | Killed Prince Ribbit
  3699 | D:4      | Reached XP level 8. HP: 59/81 MP: 7/7
  3766 | D:5      | Noticed a troll
  3772 | D:5      | Killed a troll
  3815 | D:5      | Found a sacrificial altar of Ru.
  3845 | D:5      | Found Fisch's Jewellery Boutique.
  4289 | D:6      | Reached skill level 1 in Evocations
  4462 | D:5      | Bought a +4 amulet of reflection for 297 gold pieces
  4557 | D:6      | Found a staircase to the Ecumenical Temple.
  4885 | D:6      | Reached XP level 9. HP: 80/89 MP: 8/8
  5070 | D:6      | Found a shimmering altar of Xom.
  5218 | D:7      | Reached skill level 5 in Shields
  5241 | D:7      | Noticed a troll
  5248 | D:7      | Killed a troll
  5272 | D:7      | Reached ***** piety under Trog
  5817 | D:7      | Received a gift from Trog
  6258 | D:8      | Found Huheh's Gadget Boutique.
  6419 | D:9      | Reached XP level 10. HP: 102/102 MP: 11/11
  6788 | D:9      | Reached skill level 1 in Armour
  7058 | D:9      | Reached skill level 1 in Stealth
  7177 | D:10     | Entered Level 10 of the Dungeon
  7249 | D:10     | Received a gift from Trog
  7698 | D:11     | Noticed a manticore
  7733 | D:11     | Killed a manticore
  7826 | D:11     | Noticed a gargoyle
  7830 | D:11     | Killed a gargoyle
  7830 | D:11     | Reached XP level 11. HP: 103/110 MP: 13/13
  8031 | D:11     | Found a staircase to the Lair.
  8048 | D:11     | Reached skill level 5 in Evocations
  8083 | D:11     | Noticed a cyan ugly thing
  8095 | D:11     | Killed a cyan ugly thing
  8419 | D:12     | Noticed a deep elf mage
  8442 | D:12     | Killed a deep elf mage
  8470 | D:12     | You fall into a shaft and drop 1 floor!
  8477 | D:13     | Noticed a centaur warrior
  8646 | D:12     | Noticed a deep elf mage
  8652 | D:12     | Killed a deep elf mage
  8721 | D:12     | Received a gift from Trog
  8744 | D:12     | Found a flagged portal.
  8755 | Bailey   | Entered a bailey
  9160 | Bailey   | Paralysed by fainting for 12 turns
 10072 | Bailey   | Got a steaming bardiche
 10078 | Bailey   | Identified the +8 bardiche "Alowk" {antimagic, *Drain rF+
                  | Int+2} (You found it in a bailey)
 10484 | D:12     | Noticed an orc knight
 10502 | D:11     | Reached skill level 10 in Unarmed Combat
 10576 | D:11     | Killed an orc knight
 10844 | D:12     | Reached XP level 12. HP: 123/123 MP: 15/15
 11132 | D:12     | Noticed a two-headed ogre
 11142 | D:12     | Killed a two-headed ogre
 11194 | D:12     | Found a staircase to the Orcish Mines.
 11207 | Orc:1    | Entered Level 1 of the Orcish Mines
 11244 | Orc:1    | Reached skill level 10 in Fighting
 11331 | Orc:2    | Entered Level 2 of the Orcish Mines
 11516 | Orc:2    | Found a staircase to the Elven Halls.
 11542 | Orc:2    | Noticed an ettin
 11557 | Orc:2    | Killed an ettin
 11637 | Orc:2    | Received a gift from Trog
 11646 | Orc:2    | Got a steaming arbalest {god gift}
 11752 | Orc:2    | Found a roughly hewn altar of Beogh.
 11755 | Orc:2    | Found Hijume Sewes's Distillery.
 12157 | Orc:1    | Noticed Maurice
 12164 | Orc:1    | Killed Maurice
 12336 | Orc:2    | Noticed an orc high priest
 12349 | Orc:2    | Killed an orc high priest
 12365 | Orc:2    | Noticed an orc warlord
 12380 | Orc:2    | HP: 1/132 [red devil/+2 trident of flaming[an orc warlord]
                  | (21)]
 12380 | Orc:2    | Slain by a red devil

Levels and vault maps discovered:
D:1:      minmay_arrival_arboretum_small, layout_loops_ring
D:2:      layout_basic, minmay_rat_hole
D:3:      layout_basic, first_ration
D:4:      minmay_thinvault, layout_basic
D:5:      layout_rooms, serial_shops, shop, nicolae_ru_sacrificial_ziggurat,
          uniq_prince_ribbit1
D:6:      layout_gridville, kennysheep_mini, minmay_temple_entry_gardened_gates
D:7:      layout_loops_ring, minmay_bent
D:8:      layout_rooms, serial_shops, nicolae_shop_statue_plus
D:9:      layout_roguey, serial_curves, eino_curves_02, eino_curves_03,
          hangedman_fish_farm
D:10:     layout_big_octagon
D:11:     layout_loops_ring, david_lair_generic
D:12:     layout_stronghold, david_orc_4, enter_bailey_3, nrook_mini_backslash
D:13:     layout_rooms
Orc:1:    layout_diamond_mine, uniq_maurice
Orc:2:    grunt_orc_community_town_hall, layout_diamond_mine,
          grunt_orc_community_big_house_1, grunt_orc_community_big_house_1,
          grunt_orc_community_house_2, grunt_orc_community_house_1,
          grunt_orc_community_house_3, grunt_orc_community_house_2

Skill      XL: |  1  2  3  4  5  6  7  8  9 10 11 12 |
---------------+-------------------------------------+-----
Fighting       | 3 4 5 6 7 9 11 | 11.8
Dodging        | 3 |  3.0
Unarmed Combat | 4 5 6 7 8 9 10 11 | 11.0
Shields        | 2 4 6 7 |  7.9
Evocations     | 1 3 4 6 |  6.2
Armour         | 2 3 |  3.9
Stealth        | 1 2 |  2.0

Action                   |  1- 3 |  4- 6 |  7- 9 | 10-12 || total
-------------------------+-------+-------+-------+-------++-------
Melee: Unarmed           |    70 |   147 |   291 |   835 ||  1343
       Punch             |     2 |       |     5 |     1 ||     8
Throw: Dart              |       |       |     6 |    10 ||    16
       Stone             |       |       |       |   202 ||   202
       Throwing net      |       |       |       |     1 ||     1
Invok: Berserk           |     1 |     3 |     4 |    19 ||    27
       Trog's Hand       |       |       |     1 |    12 ||    13
  Use: Scroll            |       |       |       |    19 ||    19
       Potion            |       |       |       |     7 ||     7
 Stab: Sleeping          |       |     1 |       |       ||     1
       Invisible         |       |       |       |     1 ||     1
  Eat: Chunk             |    15 |    19 |    38 |    74 ||   146
       Ration            |       |       |       |     1 ||     1
Armor: Animal skin       |    30 |    73 |    63 |   108 ||   274
       Robe              |       |       |       |    22 ||    22
Dodge: Dodged            |    34 |   104 |    83 |   162 ||   383
       Deflected         |       |     1 |     5 |       ||     6
Block: Other             |       |       |     6 |     9 ||    15
       Large shield      |       |       |   133 |  1011 ||  1144
       Reflection        |       |       |     4 |    33 ||    37
